AoeStats
← 无敌火枪手

Arena

509108583Analyzed
1v1 RM · 7d ago on Sep 25, 2026· 42m 29s· 2 players
Game mode
Random Map
Map size
Tiny (2 player)
Population
200
Speed
Normal
Resources
Standard
Victory
Conquest
Starting age
Dark Age
Ending age
Imperial Age
RankedLock teamsTeams togetherTeam positionsShared explorationLock speedFull tech treeHidden civsTurbo modeCheats
Victory
Defeat
🇨🇳 Franks · China
970
+27
🇨🇳 Spanish · China
985
-17
小怪兽
0:31 Loom
11:21 Feudal Age
15:12 Castle Age
13:16 Double-Bit Axe
18:46 Bow Saw
24:46 Wheelbarrow
25:30 Stone Mining
25:31 Gold Mining
26:25 Elite Skirmisher
30:31 Imperial Age
29:02 Hand Cart
29:17 Husbandry
29:17 Fletching
29:33 Scale Barding Armor
30:18 Forging
30:53 Town Watch
32:07 Gold Shaft Mining
31:10 Cavalier
33:40 Ballistics
34:21 Chemistry
33:27 Siege Engineers
34:41 Chivalry
35:02 Conscription
34:55 Paladin
39:47 Iron Casting
39:33 Chain Barding Armor
39:08 Bodkin Arrow
40:03 Murder Holes
39:48 Treadmill Crane
40:12 Padded Archer Armor
无敌火枪手
1:25 Loom
10:07 Feudal Age
11:10 Double-Bit Axe
12:13 Wheelbarrow
18:28 Castle Age
18:52 Gold Mining
18:54 Stone Mining
19:05 Horse Collar
27:46 Scale Mail Armor
30:10 Stone Shaft Mining
29:37 Heavy Plow
30:48 Pikeman
33:44 Hand Cart
34:00 Squires
38:14 Imperial Age
37:41 Scale Barding Armor
37:53 Chain Mail Armor
38:19 Onager
41:29 Chain Barding Armor
43:09 Guilds
Connection lost

Rejoining the realm…

Still unreachable

The connection could not be restored.

Session expired

The server has moved on; the page needs a fresh start.